| TOP OF THE 1ST |
|
Great Lakes Loons batting - Pitching for Hagerstown Suns : RHP Jayden Taylor
|
|
Pitching: RHP Jayden Taylor
|
|
|
Batting: RHB Pablo Lopez
|
0-0: Ball 1-0: Called Strike 1-1: Swinging Strike 1-2: Foul Ball, location: 2F 1-2: Strikes out swinging
|
|
Batting: SHB Hank Arias
|
0-0: Ball 1-0: Ground out 4-3 (Groundball, 4, EV 84.4 MPH)
|
|
Batting: LHB Jim Jardine
|
0-0: Swinging Strike 0-1: Foul Ball, location: 2F 0-2: Ball 1-2: Ball 2-2: Strikes out swinging
|
| Top of the 1st over - 0 runs, 0 hits, 0 errors, 0 left on base; Great Lakes 0 - Hagerstown 0 |
| BOTTOM OF THE 1ST |
|
Hagerstown Suns batting - Pitching for Great Lakes Loons : RHP Luis Diaz
|
|
Pitching: RHP Luis Diaz
|
|
|
Batting: RHB Taffounnout Kame
|
0-0: Ball 1-0: Swinging Strike 1-1: Fly out, F9 (Flyball, 89M, EV 84.4 MPH)
|
|
Batting: RHB Aaron Bateman
|
0-0: Ball 1-0: Called Strike 1-1: Called Strike 1-2: Foul Ball, location: 2F 1-2: Ball 2-2: DOUBLE (Groundball, 5L, EV 102.5 MPH)
|
|
Batting: RHB Xavier Reeves
|
0-0: Ball Aaron Bateman steals 3rd base 1-0: Called Strike 1-1: Swinging Strike 1-2: Ball 2-2: Fly out, F8 (Flyball, 89D, EV 97.5 MPH) Runner from 3rd tags up, SCORES, no throw by CF
|
|
Batting: RHB Leo Gutierrez
|
0-0: Foul Ball, location: 2F 0-1: Ball 1-1: Swinging Strike 1-2: Ground out 4-3 (Groundball, 4, EV 82.5 MPH)
|
| Bottom of the 1st over - 1 run, 1 hit, 0 errors, 0 left on base; Great Lakes 0 - Hagerstown 1 |
| TOP OF THE 2ND |
|
Great Lakes Loons batting - Pitching for Hagerstown Suns : RHP Jayden Taylor
|
|
Batting: RHB Eddie Perry
|
0-0: Ball 1-0: Ball 2-0: Foul Ball, location: 2F 2-1: Ball 3-1: Base on Balls
|
|
Batting: RHB Juan Gallardo
|
0-0: Foul Ball, location: 2F 0-1: Fly out, F8 (Flyball, 8LM, EV 74.4 MPH)
|
|
Batting: RHB Aaron Joseph
|
0-0: Ball 1-0: Ball 2-0: Grounds into double play, 5-4-3 (Groundball, 56, EV 101.9 MPH)
|
| Top of the 2nd over - 0 runs, 0 hits, 0 errors, 0 left on base; Great Lakes 0 - Hagerstown 1 |
| BOTTOM OF THE 2ND |
|
Hagerstown Suns batting - Pitching for Great Lakes Loons : RHP Luis Diaz
|
|
Batting: RHB Kenny Ball
|
0-0: Called Strike 0-1: Ball 1-1: Ball 2-1: Fly out, F8 (Flyball, 8RD, EV 100.0 MPH)
|
|
Batting: RHB Rudolph Lentz
|
0-0: Ball 1-0: Ball 2-0: Ball 3-0: Base on Balls
|
|
Batting: RHB Yok-sing Szema
|
0-0: Ball Rudolph Lentz steals 2nd base 1-0: Ball 2-0: Called Strike 2-1: Foul Ball, location: 2F 2-2: Foul Ball, location: 2F 2-2: Ball Wild Pitch! Rudolph Lentz to third 3-2: Base on Balls
|
|
Batting: RHB Hun-hyeon Kym
|
0-0: SINGLE (Groundball, 56D, EV 98.8 MPH) Rudolph Lentz scores Yok-sing Szema to second
|
|
Batting: RHB Jelexiz Cuenca
|
0-0: DOUBLE (Line Drive, 9LS, EV 104.4 MPH) Yok-sing Szema scores Hun-hyeon Kym to third
|
|
Batting: RHB Taffounnout Kame
|
0-0: Ball 1-0: Called Strike 1-1: Ball 2-1: Ball 3-1: Base on Balls
|
|
Batting: RHB Aaron Bateman
|
0-0: Ball 1-0: Swinging Strike 1-1: Foul Ball, location: 2F 1-2: Strikes out looking
|
|
Batting: RHB Xavier Reeves
|
0-0: Swinging Strike 0-1: SINGLE (Line Drive, 4M, EV 98.1 MPH) Hun-hyeon Kym scores Jelexiz Cuenca to third Taffounnout Kame to second Runner from 3rd tries for Home, throw by CF and OUT! 8-2
|
| Bottom of the 2nd over - 3 runs, 3 hits, 0 errors, 2 left on base; Great Lakes 0 - Hagerstown 4 |
| TOP OF THE 3RD |
|
Great Lakes Loons batting - Pitching for Hagerstown Suns : RHP Jayden Taylor
|
|
Batting: RHB Alex Melgoza
|
0-0: Ball 1-0: Ball 2-0: Ball 3-0: Called Strike 3-1: Base on Balls
|
|
Batting: RHB Mike Kaczor
|
0-0: Called Strike 0-1: SINGLE (Groundball, 6MD, EV 100.6 MPH) Alex Melgoza to second Runner from 2nd tries for 3rd, OUT after rundown.
|
|
Batting: RHB Ingidayehu Lagat
|
0-0: Grounds into double play, 5-4-3 (Groundball, 5L, EV 83.8 MPH)
|
| Top of the 3rd over - 0 runs, 1 hit, 0 errors, 0 left on base; Great Lakes 0 - Hagerstown 4 |
| BOTTOM OF THE 3RD |
|
Hagerstown Suns batting - Pitching for Great Lakes Loons : RHP Luis Diaz
|
|
Batting: RHB Leo Gutierrez
|
0-0: Ball 1-0: Ball 2-0: Ball 3-0: Swinging Strike 3-1: Called Strike 3-2: Foul Ball, location: 2F 3-2: Base on Balls
|
|
Batting: RHB Kenny Ball
|
0-0: Called Strike Leo Gutierrez is caught stealing 2nd base 2-4 0-1: Foul Ball, location: 2F 0-2: Ball 1-2: SINGLE (Flyball, 8RS, EV 93.8 MPH)
|
|
Batting: RHB Rudolph Lentz
|
0-0: Called Strike 0-1: Swinging Strike 0-2: Strikes out looking
|
|
Batting: RHB Yok-sing Szema
|
0-0: Called Strike 0-1: Called Strike 0-2: Foul Ball, location: 2F 0-2: Ball 1-2: Ball 2-2: Fielders Choice at 2nd, 6-4 (Groundball, 6, EV 92.5 MPH)
|
| Bottom of the 3rd over - 0 runs, 1 hit, 0 errors, 1 left on base; Great Lakes 0 - Hagerstown 4 |
| TOP OF THE 4TH |
|
Great Lakes Loons batting - Pitching for Hagerstown Suns : RHP Jayden Taylor
|
|
Batting: RHB Pablo Lopez
|
0-0: Called Strike 0-1: Called Strike 0-2: Ball 1-2: Strikes out looking
|
|
Batting: SHB Hank Arias
|
0-0: Called Strike 0-1: Called Strike 0-2: Foul Ball, location: 2F 0-2: Strikes out looking
|
|
Batting: LHB Jim Jardine
|
0-0: Ball 1-0: Called Strike 1-1: Fly out, F4 (Line Drive, 4M, EV 67.5 MPH)
|
| Top of the 4th over - 0 runs, 0 hits, 0 errors, 0 left on base; Great Lakes 0 - Hagerstown 4 |
| BOTTOM OF THE 4TH |
|
Hagerstown Suns batting - Pitching for Great Lakes Loons : RHP Luis Diaz
|
|
Batting: RHB Hun-hyeon Kym
|
0-0: Ball 1-0: Ball 2-0: Ball 3-0: Base on Balls
|
|
Batting: RHB Jelexiz Cuenca
|
0-0: Ball 1-0: Fielders Choice at 2nd, 3-6 (Groundball, 3, EV 89.4 MPH)
|
|
Batting: RHB Taffounnout Kame
|
0-0: SINGLE (Line Drive, 7LS, EV 90.6 MPH) Jelexiz Cuenca to second
|
|
Batting: RHB Aaron Bateman
|
0-0: Called Strike 0-1: Called Strike 0-2: Grounds into double play, 4-6-3 (Groundball, 4, EV 89.4 MPH)
|
| Bottom of the 4th over - 0 runs, 1 hit, 0 errors, 1 left on base; Great Lakes 0 - Hagerstown 4 |
| TOP OF THE 5TH |
|
Great Lakes Loons batting - Pitching for Hagerstown Suns : RHP Jayden Taylor
|
|
Batting: RHB Eddie Perry
|
0-0: Swinging Strike 0-1: Swinging Strike 0-2: Ball 1-2: Foul Ball, location: 2F 1-2: Strikes out swinging
|
|
Batting: RHB Juan Gallardo
|
0-0: Ball 1-0: Called Strike 1-1: Ball 2-1: Foul Ball, location: 2F 2-2: Ball 3-2: Ground out 6-3 (Groundball, 56D, EV 86.2 MPH)
|
|
Batting: RHB Aaron Joseph
|
0-0: Called Strike 0-1: Foul Ball, location: 2F 0-2: Ball 1-2: Fly out, F8 (Flyball, 8RM, EV 81.9 MPH)
|
| Top of the 5th over - 0 runs, 0 hits, 0 errors, 0 left on base; Great Lakes 0 - Hagerstown 4 |
| BOTTOM OF THE 5TH |
|
Hagerstown Suns batting - Pitching for Great Lakes Loons : RHP Luis Diaz
|
|
Batting: RHB Xavier Reeves
|
0-0: Foul Ball, location: 2F 0-1: Ball 1-1: Ball 2-1: Ground out 6-3 (Groundball, 6, EV 86.2 MPH)
|
|
Batting: RHB Leo Gutierrez
|
0-0: Fly out, F8 (Flyball, 8RD, EV 90.6 MPH)
|
|
Batting: RHB Kenny Ball
|
0-0: Called Strike 0-1: Called Strike 0-2: Ground out 6-3 (Groundball, 56, EV 98.8 MPH)
|
| Bottom of the 5th over - 0 runs, 0 hits, 0 errors, 0 left on base; Great Lakes 0 - Hagerstown 4 |
| TOP OF THE 6TH |
|
Great Lakes Loons batting - Pitching for Hagerstown Suns : RHP Jayden Taylor
|
|
Batting: RHB Alex Melgoza
|
0-0: Called Strike 0-1: Foul Ball, location: 2F 0-2: SOLO HOME RUN (Flyball, 78XD, EV 106.2 MPH), Distance : 416 ft
|
|
Batting: RHB Mike Kaczor
|
0-0: SOLO HOME RUN (Flyball, 7D, EV 97.5 MPH), Distance : 384 ft
|
|
Batting: RHB Ingidayehu Lagat
|
0-0: Fly out, F8 (Flyball, 8LM, EV 93.8 MPH)
|
|
Batting: RHB Pablo Lopez
|
0-0: Ball 1-0: Swinging Strike 1-1: Foul Ball, location: 2F 1-2: Foul Ball, location: 2F 1-2: Strikes out swinging
|
|
Batting: SHB Hank Arias
|
0-0: Called Strike 0-1: Ball 1-1: Called Strike 1-2: Foul Ball, location: 2F 1-2: TRIPLE (Flyball, 9D, EV 99.4 MPH)
|
|
Batting: LHB Jim Jardine
|
0-0: Foul Ball, location: 2F 0-1: Ball 1-1: Ball 2-1: Ball 3-1: Base on Balls
|
|
Batting: RHB Eddie Perry
|
0-0: Called Strike 0-1: Ball 1-1: Swinging Strike 1-2: Foul Ball, location: 2F 1-2: Ball 2-2: Ground out 4-3 (Groundball, 4MD, EV 104.4 MPH)
|
| Top of the 6th over - 2 runs, 3 hits, 0 errors, 2 left on base; Great Lakes 2 - Hagerstown 4 |
| BOTTOM OF THE 6TH |
|
Hagerstown Suns batting - Pitching for Great Lakes Loons : RHP Luis Diaz
|
|
Batting: RHB Rudolph Lentz
|
0-0: Swinging Strike 0-1: Foul Ball, location: 2F 0-2: Strikes out swinging
|
|
Batting: RHB Yok-sing Szema
|
0-0: Ball 1-0: Called Strike 1-1: Ball 2-1: Ball 3-1: Foul Ball, location: 2F 3-2: Base on Balls
|
|
Pitching: LHP John Miller
|
|
|
Batting: RHB Hun-hyeon Kym
|
Pickoff Throw to First - Out! 1-3 0-0: Called Strike 0-1: Ball 1-1: SINGLE (Groundball, 56S, EV 72.5 MPH) (infield hit)
|
|
Batting: RHB Jelexiz Cuenca
|
0-0: SINGLE (Groundball, 34D, EV 96.9 MPH) Hun-hyeon Kym to second Runner from 2nd tries for 3rd, SAFE, throw by RF made to third
|
|
Batting: RHB Taffounnout Kame
|
0-0: Called Strike 0-1: Ground out 5-3 (Groundball, 5S, EV 73.1 MPH)
|
| Bottom of the 6th over - 0 runs, 2 hits, 0 errors, 2 left on base; Great Lakes 2 - Hagerstown 4 |
| TOP OF THE 7TH |
|
Great Lakes Loons batting - Pitching for Hagerstown Suns : RHP Jayden Taylor
|
|
Batting: RHB Juan Gallardo
|
0-0: Called Strike 0-1: Ball 1-1: Foul Ball, location: 2F 1-2: Ball 2-2: Foul Ball, location: 2F 2-2: Strikes out swinging
|
|
Pitching: LHP Gregg Huddleston
|
|
|
Batting: RHB Aaron Joseph
|
0-0: Called Strike 0-1: Swinging Strike 0-2: Ball 1-2: Ground out 6-3 (Groundball, 6, EV 85.6 MPH)
|
|
Batting: RHB Alex Melgoza
|
0-0: Ball 1-0: Called Strike 1-1: Ball 2-1: Foul Ball, location: 2F 2-2: Strikes out swinging
|
| Top of the 7th over - 0 runs, 0 hits, 0 errors, 0 left on base; Great Lakes 2 - Hagerstown 4 |
| BOTTOM OF THE 7TH |
|
Hagerstown Suns batting - Pitching for Great Lakes Loons : LHP John Miller
|
|
Batting: RHB Aaron Bateman
|
0-0: Ball 1-0: Called Strike 1-1: Swinging Strike 1-2: Ball 2-2: Ball 3-2: Foul Ball, location: 2F 3-2: Ground out 4-3 (Groundball, 4, EV 106.2 MPH)
|
|
Batting: RHB Xavier Reeves
|
0-0: Ball 1-0: Ball 2-0: Foul Ball, location: 2F 2-1: Ball 3-1: Foul Ball, location: 2F 3-2: Strikes out looking
|
|
Batting: RHB Leo Gutierrez
|
0-0: Called Strike 0-1: Ground out 5-3 (Groundball, 56S, EV 68.8 MPH)
|
| Bottom of the 7th over - 0 runs, 0 hits, 0 errors, 0 left on base; Great Lakes 2 - Hagerstown 4 |
| TOP OF THE 8TH |
|
Great Lakes Loons batting - Pitching for Hagerstown Suns : LHP Gregg Huddleston
|
|
Pitching: LHP Kevin Besser
|
|
|
Batting: RHB Mike Kaczor
|
0-0: Foul Ball, location: 2F 0-1: Swinging Strike 0-2: Foul Ball, location: 2F 0-2: Strikes out swinging
|
|
Batting: RHB Ingidayehu Lagat
|
0-0: Called Strike 0-1: Ball 1-1: Swinging Strike 1-2: Ball 2-2: Foul Ball, location: 2F 2-2: Strikes out swinging
|
|
Batting: RHB Pablo Lopez
|
0-0: Swinging Strike 0-1: Ball 1-1: Ball 2-1: Foul Ball, location: 2F 2-2: Foul Ball, location: 2F 2-2: Strikes out swinging
|
| Top of the 8th over - 0 runs, 0 hits, 0 errors, 0 left on base; Great Lakes 2 - Hagerstown 4 |
| BOTTOM OF THE 8TH |
|
Hagerstown Suns batting - Pitching for Great Lakes Loons : LHP John Miller
|
|
Batting: RHB Kenny Ball
|
0-0: Called Strike 0-1: Ball 1-1: Ball 2-1: Called Strike 2-2: Foul Ball, location: 2F 2-2: Strikes out swinging
|
|
Batting: RHB Rudolph Lentz
|
0-0: Ball 1-0: Ground out 5-3 (Groundball, 56, EV 85.6 MPH)
|
|
Batting: RHB Yok-sing Szema
|
0-0: Ball 1-0: Foul Ball, location: 2F 1-1: Called Strike 1-2: Strikes out swinging
|
| Bottom of the 8th over - 0 runs, 0 hits, 0 errors, 0 left on base; Great Lakes 2 - Hagerstown 4 |
| TOP OF THE 9TH |
|
Great Lakes Loons batting - Pitching for Hagerstown Suns : LHP Kevin Besser
|
|
Pitching: LHP Mike Montgomery
|
|
|
Now at 1B: Jessie Fisher
|
|
|
Batting: SHB Hank Arias
|
0-0: Foul Ball, location: 2F 0-1: Ball 1-1: Ball 2-1: Ball 3-1: Ground out 4-3 (Groundball, 4, EV 86.2 MPH)
|
|
Batting: LHB Jim Jardine
|
0-0: Foul Ball, location: 2F 0-1: Ball 1-1: Foul Ball, location: 2F 1-2: Ball 2-2: Foul Ball, location: 2F 2-2: Ball 3-2: SINGLE (Line Drive, 6M, EV 106.9 MPH)
|
|
Batting: RHB Eddie Perry
|
0-0: Ball 1-0: Called Strike 1-1: Grounds into double play, 6-4-3 (Groundball, 6, EV 83.8 MPH)
|
| Top of the 9th over - 0 runs, 1 hit, 0 errors, 0 left on base; Great Lakes 2 - Hagerstown 4 |
|